AoeStats
← Ts_Boing

Arabia

509720720Analyzed
2v2 RM · 4d ago on Sep 27, 2026· 58m 33s· 4 players
Game mode
Random Map
Map size
Medium (4 player)
Population
200
Speed
Normal
Resources
Standard
Victory
Conquest
Starting age
Dark Age
Ending age
Imperial Age
RankedLock teamsTeams togetherTeam positionsShared explorationLock speedFull tech treeHidden civsTurbo modeCheats
Victory
Defeat
🇪🇸 Poles · Spain
1229
+16
🇪🇸 Saracens · Spain
1228
+16
🇪🇸 Khitans · Spain
1225
-16
🇵🇪 Mongols · Peru
1219
-16
Mata Ovejas 3000
2:50 Loom
10:02 Feudal Age
18:52 Castle Age
16:52 Double-Bit Axe
17:14 Domestication
18:45 Fletching
18:56 Padded Archer Armor
19:04 Scale Barding Armor
19:43 Thumb Ring
20:06 Bow Saw
20:02 Town Watch
21:18 Pastoralism
22:50 Wheelbarrow
23:55 Husbandry
25:40 Ballistics
26:08 Hand Cart
28:29 Gold Mining
28:29 Stone Mining
30:22 Forging
32:19 Treadmill Crane
34:36 Masonry
40:24 Imperial Age
38:35 Iron Casting
38:24 Town Patrol
39:53 Bodkin Arrow
41:51 Chain Barding Armor
43:11 Conscription
43:01 Stone Mining
43:00 Heavy Camel Rider
45:03 Plate Barding Armor
46:23 Murder Holes
47:30 Chemistry
47:41 Ordo Cavalry
47:02 Elite Steppe Lancer
48:15 Bracer
50:14 Elite Liao Dao
51:01 Scale Mail Armor
51:17 Leather Archer Armor
52:04 Fortified Wall
53:30 Light Cavalry
54:23 Lamellar Armor
54:51 Hussar
CID JEAN
6:13 Loom
8:05 Feudal Age
6:21 Loom
8:45 Double-Bit Axe
9:37 Town Watch
13:54 Padded Archer Armor
14:08 Fletching
28:20 Castle Age
26:54 Horse Collar
27:06 Gold Mining
28:35 Crossbowman
29:30 Bow Saw
29:22 Bodkin Arrow
31:12 Scale Barding Armor
32:11 Heavy Plow
Barnie the polip
4:27 Loom
11:10 Feudal Age
11:45 Double-Bit Axe
21:22 Castle Age
20:20 Fletching
21:27 Elite Skirmisher
23:30 Bloodlines
26:34 Scale Barding Armor
27:23 Husbandry
29:03 Wheelbarrow
29:47 Forging
29:59 Bow Saw
32:02 Bodkin Arrow
32:47 Thumb Ring
33:33 Hand Cart
36:52 Chain Barding Armor
36:49 Padded Archer Armor
39:04 Iron Casting
38:23 Town Watch
42:04 Imperial Age
42:18 Heavy Camel Rider
45:02 Plate Barding Armor
45:28 Blast Furnace
46:50 Conscription
47:07 Gold Mining
47:07 Stone Mining
48:01 Squires
47:46 Arson
47:47 Gambesons
49:45 Horse Collar
51:07 Two-Man Saw
51:25 Heavy Plow
52:07 Counterweights
53:04 Bracer
53:19 Leather Archer Armor
54:40 Hoardings
Ts_Boing
7:37 Loom
7:43 Loom
10:08 Feudal Age
11:12 Double-Bit Axe
12:28 Horse Collar
18:56 Bloodlines
20:46 Fletching
20:52 Town Watch
22:22 Forging
22:35 Scale Barding Armor
26:38 Wheelbarrow
31:48 Castle Age
31:53 Light Cavalry
32:34 Husbandry
35:46 Heavy Plow
35:58 Bow Saw
37:20 Bodkin Arrow
40:30 Treadmill Crane
41:00 Masonry
40:43 Guard Tower
45:27 Iron Casting
45:12 Chain Barding Armor
49:50 Gold Mining
51:35 Hand Cart
51:24 Town Patrol
55:39 Imperial Age
54:18 Ballistics
57:21 Winged Hussar
58:34 Conscription
58:35 Lechitic Legacy
Connection lost

Rejoining the realm…

Still unreachable

The connection could not be restored.

Session expired

The server has moved on; the page needs a fresh start.